 Dungeon Crawl Stone Soup version 0.26-a0-1038-gfb849e850a (webtiles) character file.

Game seed: 741749453446861959

1579 Baldric the Poker (level 9, 0/68 HPs)
             Began as a Human Berserker on Dec 11, 2020.
             Was a Priest of Trog.
             Slain by a yak (14 damage)
             ... on level 7 of the Dungeon.
             The game lasted 00:31:47 (4866 turns).

Baldric the Poker (Human Berserker)                 Turns: 4866, Time: 00:31:49

Health: 0/68       AC: 13    Str: 18    XL:     9   Next: 14%
Magic:  9/9        EV: 13    Int: 10    God:    Trog [***...]
Gold:   221        SH:  0    Dex: 13    Spells: 8/8 levels left

rFire    . . .     SeeInvis .   n - +0 scythe
rCold    . . .     Faith    .   (shield currently unavailable)
rNeg     . . .     Spirit   .   d - +0 ring mail
rPois    .         Reflect  .   y - +0 helmet
rElec    .         Harm     .   (no cloak)
rCorr    .         Rampage  .   N - +0 pair of gloves
Will     +....                  h - +0 pair of boots
Stlth    +.........             (no amulet)
HPRegen  0.21/turn              C - ring of willpower
MPRegen  0.11/turn              e - +4 ring of protection

@: no status effects
A: no striking features
a: Berserk, Trog's Hand, Renounce Religion


You were on level 7 of the Dungeon.
You worshipped Trog.
Trog was most pleased with you.
You visited 1 branch of the dungeon, and saw 7 of its levels.

You collected 284 gold pieces.
You spent 63 gold pieces at shops.

Inventory:

Hand Weapons
 a - a +0 falchion
 n - a +0 scythe (weapon)
 t - a +0 hand axe of distortion
 D - a +0 giant club
 H - a +2 vorpal hand axe
 J - a +0 vorpal shortbow
Missiles
 q - 22 poisoned darts
 u - 14 boomerangs
Armour
 b - a +0 animal skin
 d - a +0 ring mail (worn)
 h - a +0 pair of boots (worn)
 o - a +0 robe
 y - a +0 helmet (worn)
 M - a cursed +0 robe
 N - a +0 pair of gloves (worn)
Jewellery
 e - a +4 ring of protection (right hand)
 g - an uncursed ring of wizardry
 j - an uncursed ring of poison resistance
 v - a +6 ring of intelligence
 B - an uncursed ring of poison resistance
 C - a ring of willpower (left hand)
Wands
 I - a wand of acid (6)
 L - a wand of enslavement (2)
 O - a wand of disintegration (16)
Scrolls
 c - a scroll of blinking {unknown}
 f - 2 scrolls of remove curse {unknown}
 i - a scroll of amnesia {unknown}
 k - 2 scrolls of enchant weapon {unknown}
 l - 2 scrolls of enchant armour {unknown}
 p - 2 scrolls of teleportation {unknown}
 r - a scroll of fog {unknown}
 s - 3 scrolls of identify {unknown}
 x - 4 scrolls of immolation {unknown}
Potions
 m - 3 potions of curing
 w - 2 potions of degeneration {unknown}
 z - 2 potions of cancellation {unknown}
 A - a potion of lignification {unknown}
 E - a potion of berserk rage {unknown}
 F - a potion of brilliance {unknown}
 G - a potion of mutation {unknown}
 K - a potion of resistance {unknown}


   Skills:
 + Level 5.3 Fighting
 + Level 4.6 Long Blades
 + Level 6.4 Polearms
 + Level 4.6 Armour
 + Level 4.8 Dodging
 + Level 0.6 Stealth
 + Level 1.1 Evocations


You had 8 spell levels left.
You didn't know any spells.
Your spell library contained the following spells:

 Spells                   Type           Power        Failure   Level
 Beastly Appendage        Tmut           #.....       54%         1
 Wereblood                Tmut           #.......     67%         2
 Spider Form              Tmut/Pois      #.........   88%         3
 Ice Form                 Ice/Tmut       #.......     99%         4
 Blade Hands              Tmut           #.........   100%        5


Dungeon Overview and Level Annotations

Branches:
Dungeon (7/15)
 Temple: D:4-7

Altars:
Cheibriados
Kikubaaqudgha
Okawaru
Qazlal
Trog
Yredelemnul
The Shining One

Shops:
D:4 [([


Message History

You slash the yak!
The yak is moderately wounded.
The yak gores you. The yak barely misses you.
You hit the yak but do no damage.
The yak is moderately wounded.
The yak gores you. The yak gores you but does no damage.
The yak closely misses you. x2; The yak barely misses you.
You slash the yak!
The yak is heavily wounded.
The yak gores you! The yak closely misses you. The yak barely misses you.
The yak gores you but does no damage. The yak barely misses you.
The yak gores you.
You hit the yak.
The yak is severely wounded.
The yak gores you! x3
* * * LOW HITPOINT WARNING * * *
You hit the yak.
The yak is almost dead.
The yak gores you!
You die...

# # .# #.#. .
#+## #.#.##.
#<..# ......
#..... #.#.##
#......
#....####YY.....
#.......@YY.....
#....####YY.....
#....# #......
###....####
#.....
#.........# #...#
#.........# #+##
#.........# #.#
###....########.#
##.........##.##


You could see 6 yaks.

Vanquished Creatures
  Sigmund (D:2)
  An orc warrior (D:7)
  2 ice beasts
  A phantom (D:7)
  An ogre (D:6)
  2 centaurs (D:6)
  2 bullfrogs (D:7)
  A scorpion (D:7)
  2 vampire bats (D:2)
  2 howler monkeys
  A centaur zombie (D:5)
  A hound (D:7)
  2 orc priests (D:5)
  Natasha (thrice) (D:2)
  4 iguanas
  3 orc wizards
  A howler monkey zombie (D:5)
  An adder (D:2)
  An ufetubus (D:5)
  2 oozes
  A worm (D:4)
  2 adder skeletons
  A leopard gecko (D:2)
  9 orcs
  3 bat skeletons (D:2)
  3 bat zombies (D:2)
  3 giant cockroaches
  3 goblins
  4 hobgoblins
  11 jackals
  4 kobolds
  5 quokkas
  6 bats
  2 frilled lizards
  A jackal skeleton (D:7)
  2 rats
94 creatures vanquished.

Vanquished Creatures (collateral kills)
  A hound zombie (D:7)
1 creature vanquished.

Vanquished Creatures (others)
  An orc wizard (D:7)
1 creature vanquished.

Grand Total: 96 creatures vanquished

Notes
Turn   | Place    | Note
-------+----------+-------------------------------------------
     0 | D:1      | Baldric the Human Berserker began the quest for the Orb.
     0 | D:1      | Reached XP level 1. HP: 18/18 MP: 1/1
   281 | D:1      | Reached XP level 2. HP: 23/24 MP: 2/2
   549 | D:1      | Reached XP level 3. HP: 28/29 MP: 3/3
  1065 | D:2      | Noticed Sigmund
  1091 | D:2      | HP: 1/43 [Sigmund/+0 scythe (7)]
  1093 | D:2      | Killed Sigmund
  1094 | D:2      | Reached XP level 4. HP: 2/37 MP: 4/4
  1094 | D:2      | Reached XP level 5. HP: 2/42 MP: 5/5
  1094 | D:2      | Reached XP level 6. HP: 2/48 MP: 6/6
  1147 | D:2      | Reached ** piety under Trog
  1226 | D:2      | Noticed Natasha
  1253 | D:2      | Killed Natasha
  1356 | D:2      | Found an ancient bone altar of Kikubaaqudgha.
  1365 | D:2      | Reached skill level 1 in Polearms
  1561 | D:2      | Reached skill level 2 in Polearms
  1564 | D:2      | Noticed Natasha
  1571 | D:2      | Killed Natasha
  1572 | D:2      | Reached XP level 7. HP: 46/53 MP: 7/7
  1611 | D:2      | Noticed Natasha
  1620 | D:2      | Killed Natasha
  1652 | D:2      | Found a bloodstained altar of Trog.
  1934 | D:3      | Found an iron altar of Okawaru.
  1934 | D:3      | Found a glowing golden altar of the Shining One.
  2111 | D:4      | Found Opouj's Armour Shoppe.
  2112 | D:4      | Found Jifibrui's Antique Weapon Emporium.
  2121 | D:4      | Bought a +0 helmet for 63 gold pieces
  2242 | D:4      | Found Loisemy's Armour Emporium.
  2746 | D:4      | Found a basalt altar of Yredelemnul.
  2746 | D:4      | Found a snail-covered altar of Cheibriados.
  3224 | D:5      | Entered Level 5 of the Dungeon
  3279 | D:5      | Reached skill level 3 in Polearms
  3822 | D:5      | Reached skill level 4 in Polearms
  3822 | D:5      | Reached XP level 8. HP: 48/60 MP: 8/8
  3949 | D:5      | Reached *** piety under Trog
  4203 | D:5      | You fall into a shaft and drop 1 floor!
  4260 | D:6      | Reached skill level 5 in Fighting
  4307 | D:7      | Reached skill level 5 in Polearms
  4529 | D:7      | Reached skill level 6 in Polearms
  4529 | D:7      | Reached XP level 9. HP: 32/68 MP: 9/9
  4530 | D:7      | Reached skill level 1 in Evocations
  4788 | D:7      | Found a stormy altar of Qazlal.
  4866 | D:7      | Slain by a yak

Illustrated notes

Levels and vault maps discovered:
D:1:      dpeg_arrival_radiant, layout_basic
D:2:      layout_loops_ring, lemuel_doored_altar, kennysheep_vampire_church,
          minmay_pentomino_p4, uniq_natasha, uniq_sigmund
D:3:      layout_basic, gammafunk_temple_overflow_statue,
          nemelex_dance_club_becter
D:4:      layout_gridville, amethyst_overflow_temple_binary, serial_shops,
          kennysheep_mini_moat, shop, shop, shop, st_stairs_13
D:5:      layout_basic
D:6:      layout_basic, kennysheep_little_box, minmay_crystal_room,
          uniq_menkaure
D:7:      layout_loops_corners, nicolae_qazlal_eye_of_the_storm,
          minmay_temple_entry_glass

Skill      XL: |  1  2  3  4  5  6  7  8  9 |
---------------+----------------------------+-----
Long Blades    | 4 |  4.6
Armour         | 3 4 |  4.6
Dodging        | 3 4 |  4.8
Polearms       | 2 4 6 |  6.4
Fighting       | 4 5 |  5.3
Evocations     | 1 |  1.1
Stealth        | |  0.6

Action                   |  1- 3 |  4- 6 |  7- 9 || total
-------------------------+-------+-------+-------++-------
Melee: Falchion          |    81 |       |       ||    81
       Scythe            |       |    98 |   275 ||   373
Invok: Berserk           |     1 |     2 |     4 ||     7
       Trog's Hand       |       |     1 |       ||     1
Evoke: Wand              |       |       |     8 ||     8
  Use: Potion            |       |       |     1 ||     1
Armor: Ring mail         |    61 |   109 |   203 ||   373
       Animal skin       |     1 |       |       ||     1
Dodge: Dodged            |    71 |   174 |   254 ||   499
       Rpst.: Falchion   |    21 |       |       ||    21

Table legend: (Time is in decaauts)
 A = Elapsed time spent in this place.
 B = Non-inter-level travel time spent in this place.
 C = Inter-level travel time spent in this place.
 D = Time resting spent in this place.
 E = Time spent auto-exploring this place.
 F = Levels seen in this place.
 G = Mean time per level.
                   A        B        C        D        E       F      G
               +--------+--------+--------+--------+--------+-----+--------+
         Total |   5254 |   5230 |     24 |      0 |      0 |   7 |  750.6 |
       Dungeon |   5254 |   5230 |     24 |      0 |      0 |   7 |  750.6 |
               +--------+--------+--------+--------+--------+-----+--------+

Top non-repeatable levels by time:
     D:4: 1237 daAuts
     D:5: 1095 daAuts
     D:1: 1036 daAuts
     D:2: 1009 daAuts
     D:7: 641 daAuts
     D:3: 131 daAuts
     D:6: 103 daAuts
